Map: Ruines d’Endion

Players

RedBaron

  • Race: Zerg Zerg
  • League: Gold

Mannoroth - Winner!

  • Race: Terran Terran
  • League: Platinum

VOD

Have the link to the VOD?

Description

Time

  • Played on: June 4, 2016, 12:57 p.m.
  • Length: 5:48
Show
View Real Time Build Order
Export as new Build Order

RedBaron Zerg 

Build Orders: Hatch First 

Get SALT Encoding   

  12  0:01  Drone  
  13  0:13  Overlord  
  13  0:18  Drone  
  14  0:33  Drone x2  
  16  0:36  Drone  
  17  0:55  Hatchery  
  16  1:02  Drone  
  17  1:04  Drone  
  17  1:06  Extractor  
  17  1:18  Drone  
  18  1:22  Spawning Pool  
  17  1:31  Drone  
  18  1:40  Drone  
  18  1:43  Drone  
  20  1:53  Drone  
  21  2:02  Overlord  
  21  2:09  Queen  
  21  2:11  Queen  
  25  2:18  Evolution Chamber  
  25  2:20  Drone  
  25  2:23  Drone  
  25  2:28  Zergling x2  
  27  2:38  Drone  
  27  2:43  Overlord  
  28  2:54  Zerg Melee Weapons Level 1  
  28  2:55  Metabolic Boost  
  28  2:59  Queen  
  28  3:02  Queen  
  32  3:08  Zergling x4  
  34  3:22  Zergling x6  
  34  3:23  Baneling Nest  
  36  3:31  Zergling x2  
  36  3:32  Zergling x6  
  40  3:39  Overlord  
  40  3:41  Zergling x2  
  40  3:58  Roach Warren, Spore Crawler  
  40  4:01  Spore Crawler  
  37  4:03  Extractor, Drone  
  35  4:38  Roach x3  
  29  4:39  Roach x4  
  35  4:54  Zergling x2  
  35  4:55  Zergling x4  
  38  5:03  Roach x2  
  38  5:04  Roach  
  27  5:33  Spore Crawler  
Show
View Real Time Build Order
Export as new Build Order

Mannoroth Terran - Winner!

Build Orders: Liberator Opening 

Get SALT Encoding   

  12  0:00  SCV  
  13  0:13  SCV  
  14  0:18  Supply Depot  
  14  0:25  SCV  
  15  0:39  SCV  
  15  0:41  Barracks  
  16  0:48  Refinery  
  16  0:51  SCV  
  17  1:03  SCV  
  18  1:15  SCV  
  19  1:21  Refinery  
  19  1:28  SCV  
  19  1:29  Supply Depot  
  20  1:36  Marine  
  21  1:40  SCV  
  22  1:52  SCV  
  23  1:55  Factory  
  23  2:03  Barracks Reactor  
  23  2:11  Orbital Command  
  23  2:39  SCV  
  23  2:43  Starport  
  23  2:52  SCV  
  23  2:55  Supply Depot  
  23  2:56  Marine  
  23  2:57  Hellion  
  23  2:58  Hellion  
  29  3:04  SCV  
  30  3:14  Marine  
  30  3:19  Hellion x2  
  35  3:20  Armory, Medivac  
  35  3:24  Supply Depot  
  37  3:32  Marine  
  38  3:37  Liberator  
  38  3:43  Hellion x2  
  38  3:47  Supply Depot  
  42  3:50  Marine  
  46  4:04  Hellion x2  
  50  4:16  Marine  
  51  4:26  Hellion x2  
  55  4:34  Marine  
  51  4:41  Medivac  
  51  4:47  Hellion x2  
  51  4:52  Marine  
  56  4:58  Supply Depot  
  54  5:09  Hellion x2, Marine  
  57  5:27  Marine  
  59  5:29  SCV  
  59  5:32  Supply Depot  
Tags
 
Add a new tag
Caveats
  • Supply blocks, unpowered buildings, or Contaminate may cause inaccurate times.
  • Supply counts are checked every 10 seconds.